Sasquatch vs Influenza
Created - November 18, 2018 at 20:50
Goals
|
| Sasquatch |
0 |
1 |
2 |
0 |
0 |
3 |
| Influenza |
0 |
1 |
2 |
0 |
1 |
4 |
|
Shots
|
| Sasquatch |
11 |
10 |
9 |
0 |
3 |
30 |
| Influenza |
10 |
13 |
8 |
0 |
2 |
31 |
|
1st period
No Goal
Penalties :
No Penalty
2nd period
1. Sasquatch , Dougie Hamilton 8 (Jeff Skinner 7, Drew Shore 11) at 11:58 (PP)
2. Influenza , Anthony Mantha 3 (Jake Guentzel 5) at 16:14
Penalties :
Iiro Pakarinen (VJB) for Hooking (Minor) at 0:41, Paul Ladue (VJB) for Hooking (Minor) at 11:12, Teemu Hartikainen (Gat) for Tripping (Minor) at 14:01, Sergey Kalinin (Gat) for Holding (Minor) at 16:43
3rd period
3. Sasquatch , Teemu Hartikainen 5 (Slava Voynov 8, Dougie Hamilton 12) at 0:33
4. Influenza , Charlie Coyle 3 (Beau Bennett 15) at 3:15 (PP)
5. Influenza , Jordan Schroeder 2 (Calvin de Haan 24, Justin Bailey 3) at 12:16
6. Sasquatch , Drew Shore 7 (Dougie Hamilton 13, Jeff Skinner 8) at 19:46
Penalties :
Patrick Wey (Gat) for Holding (Minor) at 3:10, Michael Stone (Gat) for Interference (Minor) at 5:21, Beau Bennett (VJB) for Holding Stick (Minor) at 12:23, Dougie Hamilton (Gat) for Goalie Interference (Minor) at 15:20
Overtime #1
No Goal
Penalties :
No Penalty
Shootout
Penalty Shot by Jeff Skinner for Sasquatch - Stopped by Jeremy Duchesne
Penalty Shot by Jimmy Vesey for Influenza - Goal!
Penalty Shot by Melker Karlsson for Sasquatch - Stopped by Jeremy Duchesne
Penalty Shot by Charlie Coyle for Influenza - Stopped by Joonas Korpisalo
Penalty Shot by Devin Shore for Sasquatch - Shot Misses the Net
Penalties :
No Penalty
Goalie Stats
Joonas Korpisalo (Gat), 28 saves from 31 shots - (0.903), OTL, 2-2-1, 64:34 minutes
Jeremy Duchesne (VJB), 27 saves from 30 shots - (0.900), W, 8-4-1, 65:00 minutes
Players Stats for Sasquatch
Player Name G A P +/- PIM S H SB GA TA FO MP PP MP PK MP
------------------------------------------------------------------------------------
Andrew Campbell 0 0 0 -2 0 0 2 1 0 0 0/0 13:47 0:00 0:59
Brock Trotter 0 0 0 0 0 3 4 0 0 0 0/0 16:12 1:55 1:30
Devin Shore 0 0 0 0 0 1 0 0 0 0 2/4 12:37 0:00 3:11
Dougie Hamilton 1 2 3 1 2 6 1 2 1 0 0/0 29:48 2:54 3:37
Drew Shore 1 1 2 0 0 4 1 0 0 0 20/36 24:48 2:45 3:53
Jeff Skinner 0 2 2 1 0 4 3 0 1 1 1/2 20:20 2:45 0:00
Jesper Fast 0 0 0 1 0 3 1 1 1 0 1/1 17:35 1:55 0:00
Martin Marincin 0 0 0 1 0 0 3 1 0 0 0/0 21:31 1:50 3:30
Matt Halischuk 0 0 0 -1 0 3 0 0 1 0 0/0 17:23 2:45 0:00
Melker Karlsson 0 0 0 0 0 1 0 1 1 0 6/11 14:49 1:55 0:37
Michael Stone 0 0 0 -2 2 1 0 3 0 1 0/0 12:40 0:00 0:00
Nicolas Deslauriers 0 0 0 0 0 1 0 0 0 0 0/0 11:23 0:00 4:01
Patrick Wey 0 0 0 1 2 1 2 4 0 2 0/0 30:50 2:54 4:41
Petr Straka 0 0 0 0 0 0 2 0 0 1 0/0 10:45 0:04 0:00
Sergey Kalinin 0 0 0 0 2 0 2 0 0 0 3/9 12:02 0:04 0:40
Slava Voynov 0 1 1 1 0 1 2 1 1 0 0/0 21:28 1:50 3:15
Sven Andrighetto 0 0 0 0 0 0 0 0 1 1 0/0 6:19 0:00 0:00
Teemu Hartikainen 1 0 1 -1 2 1 1 0 0 1 1/1 17:37 0:04 2:10
Players Stats for Influenza
Player Name G A P +/- PIM S H SB GA TA FO MP PP MP PK MP
------------------------------------------------------------------------------------
Anthony Mantha 1 0 1 1 0 2 1 0 1 0 0/0 10:19 0:00 0:00
Beau Bennett 0 1 1 -1 2 1 1 1 1 3 0/1 23:28 3:55 1:43
Calvin de Haan 0 1 1 -1 0 5 2 1 1 0 0/0 31:50 5:08 2:41
Charlie Coyle 1 0 1 -1 0 1 2 1 0 1 14/36 24:36 4:25 2:57
Dmitry Sinitsyn 0 0 0 1 0 1 0 1 0 2 0/0 12:08 0:00 0:00
Iiro Pakarinen 0 0 0 -1 2 1 2 0 1 0 0/0 16:36 3:35 0:00
Jake Guentzel 0 1 1 1 0 3 1 0 0 0 6/10 12:06 0:31 0:00
Jimmy Vesey 0 0 0 -1 0 1 0 0 1 0 3/4 21:47 3:55 0:44
Johan Larsson 0 0 0 1 0 2 4 0 0 0 0/0 12:00 0:00 1:16
Jordan Schroeder 1 0 1 1 0 4 0 0 0 0 4/5 10:25 0:32 0:40
Justin Bailey 0 1 1 1 0 1 1 0 0 0 0/0 8:03 0:00 0:00
Mark Olver 0 0 0 -1 0 1 1 0 0 0 2/7 18:23 3:35 0:34
Mathieu Carle 0 0 0 -1 0 3 4 0 1 1 0/0 31:50 5:08 2:41
Max Domi 0 0 0 -1 0 1 1 1 0 0 0/0 19:28 3:35 1:34
Nikita Gusev 0 0 0 1 0 0 0 0 0 0 1/1 8:03 0:00 0:00
Nikita Zadorov 0 0 0 1 0 4 1 0 0 0 0/0 12:24 0:00 0:16
Paul Ladue 0 0 0 0 2 0 0 1 1 0 0/0 20:45 2:53 1:47
Tim Erixon 0 0 0 0 0 0 3 1 0 0 0/0 21:02 2:53 2:03
3 Stars
1 - Dougie Hamilton (Gat)
2 - Jeff Skinner (Gat)
3 - Drew Shore (Gat)
Power Play
Sasquatch - 1 on 3 Attempt(s) - 33.33%
Influenza - 1 on 5 Attempt(s) - 20.00%
Penalty Kill
Sasquatch - 4 on 5 Attempt(s) - 80.00%
- Score 0 goal in Penalty Kill
Influenza - 2 on 3 Attempt(s) - 66.67%
- Score 0 goal in Penalty Kill
Team Stat
Sasquatch - Hits : 24 - Faceoff Wins : 34 - Blocked Shots : 14 - Penalty Minutes : 10
Influenza - Hits : 24 - Faceoff Wins : 30 - Blocked Shots : 7 - Penalty Minutes : 6
Official
Referees : Unknown
Linesman : Unknown
Game Notes
Sergey Kalinin is injured at 3:42 of 3rd period (Chest/Ribs)
Finance
Level 1 -- Attendance: 1446 (72.30%) -- Ticket Income $57,840
Level 2 -- Attendance: 741 (74.10%) -- Ticket Income $14,820
Total Attendance: 2187 (72.90%)
Total Ticket Income: $72,660
Other Income: $3,633
Total Income: $76,293
Sasquatch
5 vs 5 Forward
Center Left Wing Right Wing Time % Phy DF OF
1 Drew Shore Jeff Skinner Jesper Fast 40 1 2 2
2 Sergey Kalinin Teemu Hartikainen Matt Halischuk 30 1 2 2
3 Melker Karlsson Brock Trotter Petr Straka 20 1 2 2
4 Devin Shore Nicolas Deslauriers Sven Andrighetto 10 1 2 2
5 vs 5 Defense
Defense Defense Time % Phy DF OF
1 Patrick Wey Dougie Hamilton 40 1 2 2
2 Martin Marincin Slava Voynov 30 1 2 2
3 Michael Stone Andrew Campbell 20 1 2 2
4 Patrick Wey Dougie Hamilton 10 1 2 2
PowerPlay Forward
Center Left Wing Right Wing Time % Phy DF OF
1 Drew Shore Jeff Skinner Matt Halischuk 60 1 2 2
2 Melker Karlsson Brock Trotter Jesper Fast 40 1 2 2
PowerPlay Defense
Defense Defense Time % Phy DF OF
1 Patrick Wey Dougie Hamilton 60 1 2 2
2 Martin Marincin Slava Voynov 40 1 2 2
Penalty Kill 4 Players Forward
Center Wing Time % Phy DF OF
1 Drew Shore Nicolas Deslauriers 60 1 2 2
2 Sergey Kalinin Teemu Hartikainen 40 1 2 2
Penalty Kill 4 Players Defense
Defense Defense Time % Phy DF OF
1 Patrick Wey Dougie Hamilton 60 1 2 2
2 Martin Marincin Slava Voynov 40 1 2 2
Penalty Kill - 3 Players Forward
Forward Time % Phy DF OF
1 Drew Shore 60 1 2 2
2 Melker Karlsson 40 1 2 2
Penalty Kill - 3 Players Defense
Defense Defense Time % Phy DF OF
1 Patrick Wey Dougie Hamilton 60 1 2 2
2 Martin Marincin Slava Voynov 40 1 2 2
4 vs 4 Forward
Center Wing Time % Phy DF OF
1 Drew Shore Jeff Skinner 60 1 2 2
2 Matt Halischuk Brock Trotter 40 1 2 2
4 vs 4 Defense
Defense Defense Time % Phy DF OF
1 Patrick Wey Dougie Hamilton 60 1 2 2
2 Martin Marincin Slava Voynov 40 1 2 2
Last Minutes Offensive
Center Left Wing Right Wing Defense Defense
Drew Shore Jeff Skinner Jesper Fast Patrick Wey Dougie Hamilton
Last Minutes Defensive
Center Left Wing Right Wing Defense Defense
Drew Shore Jeff Skinner Jesper Fast Patrick Wey Dougie Hamilton
Goaltenders
Starting : Joonas Korpisalo
Backup : Corey Crawford
Extra Forwards
Normal : Sergey Kalinin, Teemu Hartikainen, Devin Shore - PP : Sergey Kalinin, Teemu Hartikainen - PK : Devin Shore
Extra Defensemen
Normal : Michael Stone, Andrew Campbell, Martin Marincin - PP : Michael Stone - PK : Andrew Campbell, Martin Marincin
Penalty Shots
Jeff Skinner, Melker Karlsson, Devin Shore, Petr Straka, Matt Halischuk
Scratches
Ryan Dzingel (Healthy), T.J. Tynan (Healthy), Ty Rattie (Healthy), Brett Pesce (Healthy), Joey Laleggia (Healthy)
Cal Petersen (Healthy)
Influenza
5 vs 5 Forward
Center Left Wing Right Wing Time % Phy DF OF
1 Charlie Coyle Jimmy Vesey Beau Bennett 40 1 2 2
2 Mark Olver Max Domi Iiro Pakarinen 30 1 2 2
3 Jake Guentzel Johan Larsson Anthony Mantha 20 1 2 2
4 Jordan Schroeder Nikita Gusev Justin Bailey 10 1 2 2
5 vs 5 Defense
Defense Defense Time % Phy DF OF
1 Mathieu Carle Calvin de Haan 40 1 2 2
2 Paul Ladue Tim Erixon 30 1 2 2
3 Dmitry Sinitsyn Nikita Zadorov 20 1 2 2
4 Mathieu Carle Calvin de Haan 10 1 2 2
PowerPlay Forward
Center Left Wing Right Wing Time % Phy DF OF
1 Charlie Coyle Jimmy Vesey Beau Bennett 60 1 2 2
2 Mark Olver Max Domi Iiro Pakarinen 40 1 2 2
PowerPlay Defense
Defense Defense Time % Phy DF OF
1 Mathieu Carle Calvin de Haan 60 1 2 2
2 Paul Ladue Tim Erixon 40 1 2 2
Penalty Kill 4 Players Forward
Center Wing Time % Phy DF OF
1 Charlie Coyle Beau Bennett 60 1 2 2
2 Mark Olver Jimmy Vesey 40 1 2 2
Penalty Kill 4 Players Defense
Defense Defense Time % Phy DF OF
1 Mathieu Carle Calvin de Haan 60 1 2 2
2 Paul Ladue Tim Erixon 40 1 2 2
Penalty Kill - 3 Players Forward
Forward Time % Phy DF OF
1 Charlie Coyle 60 1 2 2
2 Mark Olver 40 1 2 2
Penalty Kill - 3 Players Defense
Defense Defense Time % Phy DF OF
1 Mathieu Carle Calvin de Haan 60 1 2 2
2 Paul Ladue Tim Erixon 40 1 2 2
4 vs 4 Forward
Center Wing Time % Phy DF OF
1 Charlie Coyle Beau Bennett 60 1 2 2
2 Mark Olver Jimmy Vesey 40 1 2 2
4 vs 4 Defense
Defense Defense Time % Phy DF OF
1 Mathieu Carle Calvin de Haan 60 1 2 2
2 Paul Ladue Tim Erixon 40 1 2 2
Last Minutes Offensive
Center Left Wing Right Wing Defense Defense
Charlie Coyle Jimmy Vesey Beau Bennett Mathieu Carle Calvin de Haan
Last Minutes Defensive
Center Left Wing Right Wing Defense Defense
Charlie Coyle Jimmy Vesey Beau Bennett Mathieu Carle Calvin de Haan
Goaltenders
Starting : Jeremy Duchesne
Backup : Tyson Sexsmith
Extra Forwards
Normal : Jake Guentzel, Jordan Schroeder, Max Domi - PP : Jake Guentzel, Jordan Schroeder - PK : Max Domi
Extra Defensemen
Normal : Dmitry Sinitsyn, Nikita Zadorov, Paul Ladue - PP : Dmitry Sinitsyn - PK : Nikita Zadorov, Paul Ladue
Penalty Shots
Jimmy Vesey, Charlie Coyle, Beau Bennett, Mark Olver, Max Domi
Scratches
Jacob Josefson (Healthy), Shane Prince (Healthy), Jamie Devane (Healthy), Jeff Corbett (Healthy), Joe Morrow (Healthy)
Henri Ikonen (Healthy), Fredric Larsson (Healthy), Tom Kuhnhackl (Healthy), Rocco Grimaldi (Healthy), Josh Andrerson (Healthy)
Jesse Graham (Healthy), Jamie Phillips (Healthy)
% Time on Ice - Sasquatch
Lines # - Real PCT - Wanted PCT - Time Play
Normal Forward
1 - 34% - 40% - 15:46
2 - 32% - 30% - 14:41
3 - 21% - 20% - 9:46
4 - 14% - 10% - 6:19
Normal Defense
1 - 40% - 40% - 18:32
2 - 30% - 30% - 14:07
3 - 26% - 20% - 12:00
4 - 4% - 10% - 1:53
PP Forward
1 - 60% - 60% - 2:49
2 - 40% - 40% - 1:55
PP Defense
1 - 61% - 60% - 2:54
2 - 39% - 40% - 1:50
PK Forward
1 - 69% - 60% - 5:31
2 - 31% - 40% - 2:30
PK Defense
1 - 62% - 60% - 4:58
2 - 38% - 40% - 3:03
PK3 Forward
1 - 0% - 60%
2 - 0% - 40%
PK3 Defense
1 - 0% - 60%
2 - 0% - 40%
44 Forward
1 - 92% - 60% - 4:35
2 - 8% - 40% - 0:25
44 Defense
1 - 59% - 60% - 2:56
2 - 41% - 40% - 2:04
Last Minute Offensive - 0:43
Last Minute Defensive - 0:00
Total
Forward - 65:00
Defense - 65:00
|
% Time on Ice - Influenza
Lines # - Real PCT - Wanted PCT - Time Play
Normal Forward
1 - 32% - 40% - 15:01
2 - 28% - 30% - 12:57
3 - 22% - 20% - 10:19
4 - 17% - 10% - 8:03
Normal Defense
1 - 38% - 40% - 17:47
2 - 31% - 30% - 14:15
3 - 25% - 20% - 11:31
4 - 6% - 10% - 2:47
PP Forward
1 - 55% - 60% - 4:26
2 - 45% - 40% - 3:35
PP Defense
1 - 64% - 60% - 5:08
2 - 36% - 40% - 2:53
PK Forward
1 - 88% - 60% - 4:10
2 - 12% - 40% - 0:34
PK Defense
1 - 57% - 60% - 2:41
2 - 43% - 40% - 2:03
PK3 Forward
1 - 0% - 60%
2 - 0% - 40%
PK3 Defense
1 - 0% - 60%
2 - 0% - 40%
44 Forward
1 - 74% - 60% - 3:43
2 - 26% - 40% - 1:17
44 Defense
1 - 63% - 60% - 3:09
2 - 37% - 40% - 1:51
Last Minute Offensive - 0:00
Last Minute Defensive - 0:55
Total
Forward - 65:00
Defense - 65:00
|
Play by Play
1st period
0:01 of 1st period - Charlie Coyle wins face-off versus Drew Shore in neutral zone.
0:30 of 1st period - Snap shot by Matt Halischuk.
0:30 of 1st period - Stopped by Jeremy Duchesne without a rebound.
0:31 of 1st period - Jake Guentzel wins face-off versus Sergey Kalinin in Influenza zone.
0:43 of 1st period - Icing by Johan Larsson.
0:44 of 1st period - Melker Karlsson wins face-off versus Jake Guentzel in Influenza zone.
0:53 of 1st period - Michael Stone is hit by Tim Erixon and loses puck.
1:06 of 1st period - Wrist shot by Anthony Mantha.
1:06 of 1st period - Deflect By Jake Guentzel.
1:06 of 1st period - Shot Blocked by Michael Stone.
1:06 of 1st period - Puck is out of play.
1:07 of 1st period - Devin Shore wins face-off versus Mark Olver in Sasquatch zone.
1:34 of 1st period - Charlie Coyle is hit by Teemu Hartikainen and loses puck.
1:56 of 1st period - Off-side.
1:57 of 1st period - Nikita Gusev wins face-off versus Drew Shore in neutral zone.
2:04 of 1st period - Wrist shot by Jeff Skinner.
2:04 of 1st period - Stopped by Jeremy Duchesne with a rebound.
2:10 of 1st period - Wrist shot by Jordan Schroeder.
2:10 of 1st period - Stopped by Joonas Korpisalo with a rebound.
2:12 of 1st period - Slapshot by Mathieu Carle.
2:12 of 1st period - Stopped by Joonas Korpisalo with a rebound.
3:09 of 1st period - Slapshot by Nicolas Deslauriers.
3:09 of 1st period - Stopped by Jeremy Duchesne without a rebound.
3:10 of 1st period - Drew Shore wins face-off versus Beau Bennett in Influenza zone.
3:15 of 1st period - Slapshot by Jesper Fast.
3:15 of 1st period - Stopped by Jeremy Duchesne with a rebound.
3:17 of 1st period - Slapshot by Michael Stone.
3:17 of 1st period - Stopped by Jeremy Duchesne with a rebound.
3:25 of 1st period - Slapshot by Jeff Skinner.
3:25 of 1st period - Stopped by Jeremy Duchesne with a rebound.
3:35 of 1st period - Mark Olver is hit by Petr Straka and loses puck.
4:02 of 1st period - Snap shot by Nikita Gusev.
4:02 of 1st period - Shot Misses the Net.
4:04 of 1st period - Slapshot by Nikita Zadorov.
4:04 of 1st period - Stopped by Joonas Korpisalo with a rebound.
4:06 of 1st period - Snap shot by Nikita Zadorov.
4:06 of 1st period - Stopped by Joonas Korpisalo with a rebound.
4:16 of 1st period - Snap shot by Matt Halischuk.
4:16 of 1st period - Shot Misses the Net.
4:18 of 1st period - Snap shot by Jeff Skinner.
4:18 of 1st period - Stopped by Jeremy Duchesne with a rebound.
4:20 of 1st period - Wrist shot by Drew Shore.
4:20 of 1st period - Stopped by Jeremy Duchesne without a rebound.
4:21 of 1st period - Charlie Coyle wins face-off versus Drew Shore in Influenza zone.
4:46 of 1st period - Melker Karlsson is hit by Calvin de Haan and loses puck.
5:45 of 1st period - Icing by Calvin de Haan.
5:46 of 1st period - Charlie Coyle wins face-off versus Drew Shore in Influenza zone.
6:31 of 1st period - Michael Stone is hit by Johan Larsson.
6:40 of 1st period - Snap shot by Jake Guentzel.
6:40 of 1st period - Shot Misses the Net.
6:52 of 1st period - Jordan Schroeder is hit by Andrew Campbell and loses puck.
7:13 of 1st period - Jesper Fast is hit by Calvin de Haan and loses puck.
7:32 of 1st period - Snap shot by Max Domi.
7:32 of 1st period - Shot Misses the Net.
7:54 of 1st period - Wrist shot by Melker Karlsson.
7:54 of 1st period - Stopped by Jeremy Duchesne without a rebound.
7:55 of 1st period - Jimmy Vesey wins face-off versus Melker Karlsson in Influenza zone.
8:08 of 1st period - Wrist shot by Beau Bennett.
8:08 of 1st period - Shot Blocked by Patrick Wey.
8:30 of 1st period - Snap shot by Max Domi.
8:30 of 1st period - Shot Misses the Net.
8:43 of 1st period - Mathieu Carle is hit by Martin Marincin and loses puck.
8:54 of 1st period - Snap shot by Petr Straka.
8:54 of 1st period - Shot Misses the Net.
8:56 of 1st period - Snap shot by Dougie Hamilton.
8:56 of 1st period - Stopped by Jeremy Duchesne with a rebound.
8:58 of 1st period - Snap shot by Brock Trotter.
8:58 of 1st period - Shot Blocked by Max Domi.
9:09 of 1st period - Iiro Pakarinen is hit by Brock Trotter.
9:37 of 1st period - Snap shot by Max Domi.
9:37 of 1st period - Stopped by Joonas Korpisalo with a rebound.
9:39 of 1st period - Slapshot by Nikita Zadorov.
9:39 of 1st period - Stopped by Joonas Korpisalo without a rebound.
9:40 of 1st period - Jeff Skinner wins face-off versus Charlie Coyle in Sasquatch zone.
9:53 of 1st period - Snap shot by Beau Bennett.
9:53 of 1st period - Shot Misses the Net.
9:55 of 1st period - Slapshot by Dmitry Sinitsyn.
9:55 of 1st period - Stopped by Joonas Korpisalo with a rebound.
10:07 of 1st period - Icing by Dmitry Sinitsyn.
10:08 of 1st period - Teemu Hartikainen wins face-off versus Jake Guentzel in Influenza zone.
11:03 of 1st period - Snap shot by Jordan Schroeder.
11:03 of 1st period - Shot Blocked by Michael Stone.
11:15 of 1st period - Teemu Hartikainen is hit by Jake Guentzel and loses puck.
13:05 of 1st period - Tim Erixon is hit by Patrick Wey and loses puck.
14:26 of 1st period - Melker Karlsson is hit by Nikita Zadorov and loses puck.
14:50 of 1st period - Wrist shot by Anthony Mantha.
14:50 of 1st period - Stopped by Joonas Korpisalo with a rebound.
15:09 of 1st period - Charlie Coyle is hit by Jeff Skinner and loses puck.
15:41 of 1st period - Snap shot by Matt Halischuk.
15:41 of 1st period - Shot Misses the Net.
15:53 of 1st period - Slapshot by Matt Halischuk.
15:53 of 1st period - Deflect By Teemu Hartikainen.
15:53 of 1st period - Shot Misses the Net.
15:53 of 1st period - Puck is out of play.
15:54 of 1st period - Melker Karlsson wins face-off versus Charlie Coyle in Influenza zone.
16:07 of 1st period - Mathieu Carle is hit by Petr Straka and loses puck.
16:20 of 1st period - Sergey Kalinin is hit by Mathieu Carle.
16:46 of 1st period - Michael Stone is hit by Mark Olver and loses puck.
17:08 of 1st period - Off-side.
17:09 of 1st period - Mark Olver wins face-off versus Drew Shore in neutral zone.
17:14 of 1st period - Wrist shot by Iiro Pakarinen.
17:14 of 1st period - Deflect By Mark Olver.
17:14 of 1st period - Shot Misses the Net.
17:14 of 1st period - Puck is out of play.
17:15 of 1st period - Drew Shore wins face-off versus Mark Olver in Sasquatch zone.
17:21 of 1st period - Wrist shot by Iiro Pakarinen.
17:21 of 1st period - Shot Blocked by Slava Voynov.
17:23 of 1st period - Slapshot by Calvin de Haan.
17:23 of 1st period - Shot Misses the Net.
17:25 of 1st period - Slapshot by Mathieu Carle.
17:25 of 1st period - Deflect By Iiro Pakarinen.
17:25 of 1st period - Stopped by Joonas Korpisalo with a rebound.
18:21 of 1st period - Snap shot by Slava Voynov.
18:21 of 1st period - Stopped by Jeremy Duchesne without a rebound.
18:22 of 1st period - Jordan Schroeder wins face-off versus Devin Shore in Influenza zone.
18:35 of 1st period - Slapshot by Justin Bailey.
18:35 of 1st period - Stopped by Joonas Korpisalo with a rebound.
19:23 of 1st period - Charlie Coyle is hit by Jeff Skinner and loses puck.
19:43 of 1st period - Mathieu Carle is hit by Sergey Kalinin and loses puck.
19:50 of 1st period - Martin Marincin is hit by Johan Larsson and loses puck.
Goals for this period are 0 for Sasquatch vs 0 for Influenza.
Shots for this period are 11 for Sasquatch vs 10 for Influenza.
2nd period
0:01 of 2nd period - Drew Shore wins face-off versus Charlie Coyle in neutral zone.
0:26 of 2nd period - Patrick Wey is hit by Iiro Pakarinen and loses puck.
0:41 of 2nd period - Minor Penalty to Iiro Pakarinen for Hooking.
0:42 of 2nd period - Charlie Coyle wins face-off versus Drew Shore in Influenza zone.
2:41 of 2nd period - Penalty to Iiro Pakarinen is over, Iiro Pakarinen is back on ice.
2:45 of 2nd period - Snap shot by Calvin de Haan.
2:45 of 2nd period - Stopped by Joonas Korpisalo without a rebound.
2:46 of 2nd period - Jake Guentzel wins face-off versus Sergey Kalinin in Sasquatch zone.
2:47 of 2nd period - Wrist shot by Johan Larsson.
2:47 of 2nd period - Stopped by Joonas Korpisalo with a rebound.
3:42 of 2nd period - Wrist shot by Jordan Schroeder.
3:42 of 2nd period - Stopped by Joonas Korpisalo without a rebound.
3:43 of 2nd period - Jordan Schroeder wins face-off versus Sergey Kalinin in Sasquatch zone.
4:18 of 2nd period - Martin Marincin is hit by Justin Bailey and loses puck.
4:27 of 2nd period - Slapshot by Calvin de Haan.
4:27 of 2nd period - Stopped by Joonas Korpisalo without a rebound.
4:28 of 2nd period - Jimmy Vesey wins face-off versus Drew Shore in Sasquatch zone.
4:43 of 2nd period - Slapshot by Drew Shore.
4:43 of 2nd period - Shot Misses the Net.
4:58 of 2nd period - Snap shot by Matt Halischuk.
4:58 of 2nd period - Stopped by Jeremy Duchesne with a rebound.
5:20 of 2nd period - Slapshot by Calvin de Haan.
5:20 of 2nd period - Shot Misses the Net.
5:22 of 2nd period - Snap shot by Calvin de Haan.
5:22 of 2nd period - Deflect By Anthony Mantha.
5:22 of 2nd period - Shot Misses the Net.
5:22 of 2nd period - Puck is out of play.
5:23 of 2nd period - Charlie Coyle wins face-off versus Drew Shore in Sasquatch zone.
6:10 of 2nd period - Backhand shot by Brock Trotter.
6:10 of 2nd period - Stopped by Jeremy Duchesne without a rebound.
6:11 of 2nd period - Melker Karlsson wins face-off versus Jake Guentzel in Influenza zone.
6:44 of 2nd period - Wrist shot by Drew Shore.
6:44 of 2nd period - Shot Blocked by Paul Ladue.
6:52 of 2nd period - Slapshot by Johan Larsson.
6:52 of 2nd period - Deflect By Jake Guentzel.
6:52 of 2nd period - Stopped by Joonas Korpisalo without a rebound.
6:53 of 2nd period - Sergey Kalinin wins face-off versus Charlie Coyle in Sasquatch zone.
7:00 of 2nd period - Charlie Coyle is hit by Slava Voynov and loses puck.
7:24 of 2nd period - Icing by Mathieu Carle.
7:25 of 2nd period - Jesper Fast wins face-off versus Mark Olver in Influenza zone.
7:33 of 2nd period - Off-side.
7:34 of 2nd period - Charlie Coyle wins face-off versus Drew Shore in neutral zone.
7:43 of 2nd period - Wrist shot by Jimmy Vesey.
7:43 of 2nd period - Shot Misses the Net.
8:28 of 2nd period - Snap shot by Devin Shore.
8:28 of 2nd period - Stopped by Jeremy Duchesne with a rebound.
9:10 of 2nd period - Slapshot by Iiro Pakarinen.
9:10 of 2nd period - Shot Blocked by Martin Marincin.
9:12 of 2nd period - Slapshot by Calvin de Haan.
9:12 of 2nd period - Stopped by Joonas Korpisalo with a rebound.
9:24 of 2nd period - Beau Bennett is hit by Martin Marincin and loses puck.
9:29 of 2nd period - Snap shot by Jesper Fast.
9:29 of 2nd period - Stopped by Jeremy Duchesne without a rebound.
9:30 of 2nd period - Drew Shore wins face-off versus Charlie Coyle in Influenza zone.
10:01 of 2nd period - Nikita Zadorov is hit by Sergey Kalinin and loses puck.
10:06 of 2nd period - Snap shot by Dougie Hamilton.
10:06 of 2nd period - Stopped by Jeremy Duchesne without a rebound.
10:07 of 2nd period - Sergey Kalinin wins face-off versus Charlie Coyle in Influenza zone.
10:12 of 2nd period - Slapshot by Sergey Kalinin.
10:12 of 2nd period - Deflect By Matt Halischuk.
10:12 of 2nd period - Stopped by Jeremy Duchesne with a rebound.
10:56 of 2nd period - Tim Erixon is hit by Brock Trotter and loses puck.
11:01 of 2nd period - Snap shot by Brock Trotter.
11:01 of 2nd period - Stopped by Jeremy Duchesne without a rebound.
11:02 of 2nd period - Sergey Kalinin wins face-off versus Charlie Coyle in Influenza zone.
11:12 of 2nd period - Minor Penalty to Paul Ladue for Hooking.
11:13 of 2nd period - Charlie Coyle wins face-off versus Drew Shore in Influenza zone.
11:29 of 2nd period - Dougie Hamilton is hit by Charlie Coyle.
11:42 of 2nd period - Icing by Jesper Fast.
11:43 of 2nd period - Charlie Coyle wins face-off versus Melker Karlsson in Sasquatch zone.
11:56 of 2nd period - Snap shot by Jeff Skinner.
11:56 of 2nd period - Shot Blocked by Tim Erixon.
11:58 of 2nd period - Slapshot by Dougie Hamilton.
11:58 of 2nd period - Goal by Dougie Hamilton - Sasquatch : 1 - Influenza : 0.
11:59 of 2nd period - Charlie Coyle wins face-off versus Drew Shore in neutral zone.
12:17 of 2nd period - Icing by Jeff Skinner.
12:18 of 2nd period - Drew Shore wins face-off versus Mark Olver in Sasquatch zone.
12:25 of 2nd period - Slapshot by Patrick Wey.
12:25 of 2nd period - Stopped by Jeremy Duchesne without a rebound.
12:26 of 2nd period - Drew Shore wins face-off versus Mark Olver in Influenza zone.
12:35 of 2nd period - Snap shot by Dougie Hamilton.
12:35 of 2nd period - Deflect By Mark Olver.
12:35 of 2nd period - Stopped by Jeremy Duchesne with a rebound.
12:51 of 2nd period - Wrist shot by Beau Bennett.
12:51 of 2nd period - Stopped by Joonas Korpisalo without a rebound.
12:52 of 2nd period - Jimmy Vesey wins face-off versus Sergey Kalinin in Sasquatch zone.
13:05 of 2nd period - Slapshot by Mathieu Carle.
13:05 of 2nd period - Deflect By Charlie Coyle.
13:05 of 2nd period - Shot Blocked by Michael Stone.
13:05 of 2nd period - Puck is out of play.
13:06 of 2nd period - Drew Shore wins face-off versus Charlie Coyle in Sasquatch zone.
13:19 of 2nd period - Slapshot by Drew Shore.
13:19 of 2nd period - Shot Misses the Net.
13:31 of 2nd period - Beau Bennett is hit by Brock Trotter and loses puck.
14:01 of 2nd period - Minor Penalty to Teemu Hartikainen for Tripping.
14:02 of 2nd period - Mark Olver wins face-off versus Drew Shore in Sasquatch zone.
14:10 of 2nd period - Slapshot by Calvin de Haan.
14:10 of 2nd period - Shot Misses the Net.
16:01 of 2nd period - Penalty to Teemu Hartikainen is over, Teemu Hartikainen is back on ice.
16:06 of 2nd period - Teemu Hartikainen is hit by Johan Larsson.
16:10 of 2nd period - Wrist shot by Johan Larsson.
16:10 of 2nd period - Stopped by Joonas Korpisalo without a rebound.
16:11 of 2nd period - Jake Guentzel wins face-off versus Sergey Kalinin in Sasquatch zone.
16:12 of 2nd period - Snap shot by Anthony Mantha.
16:12 of 2nd period - Shot Blocked by Andrew Campbell.
16:14 of 2nd period - Wrist shot by Anthony Mantha.
16:14 of 2nd period - Goal by Anthony Mantha - Sasquatch : 1 - Influenza : 1.
16:15 of 2nd period - Charlie Coyle wins face-off versus Jeff Skinner in neutral zone.
16:20 of 2nd period - Slapshot by Jimmy Vesey.
16:20 of 2nd period - Shot Blocked by Patrick Wey.
16:22 of 2nd period - Snap shot by Charlie Coyle.
16:22 of 2nd period - Shot Blocked by Jesper Fast.
16:24 of 2nd period - Slapshot by Calvin de Haan.
16:24 of 2nd period - Stopped by Joonas Korpisalo with a rebound.
16:26 of 2nd period - Slapshot by Mathieu Carle.
16:26 of 2nd period - Stopped by Joonas Korpisalo with a rebound.
16:43 of 2nd period - Minor Penalty to Sergey Kalinin for Holding.
16:44 of 2nd period - Drew Shore wins face-off versus Jimmy Vesey in Sasquatch zone.
18:43 of 2nd period - Penalty to Sergey Kalinin is over, Sergey Kalinin is back on ice.
18:48 of 2nd period - Melker Karlsson is hit by Tim Erixon and loses puck.
18:55 of 2nd period - Wrist shot by Jake Guentzel.
18:55 of 2nd period - Shot Misses the Net.
18:57 of 2nd period - Slapshot by Nikita Zadorov.
18:57 of 2nd period - Deflect By Nicolas Deslauriers.
18:57 of 2nd period - Stopped by Joonas Korpisalo without a rebound.
18:58 of 2nd period - Jordan Schroeder wins face-off versus Sergey Kalinin in Sasquatch zone.
19:21 of 2nd period - Snap shot by Drew Shore.
19:21 of 2nd period - Deflect By Jeff Skinner.
19:21 of 2nd period - Shot Blocked by Dmitry Sinitsyn.
19:21 of 2nd period - Puck is out of play.
19:22 of 2nd period - Jake Guentzel wins face-off versus Drew Shore in Influenza zone.
19:27 of 2nd period - Drew Shore is hit by Mathieu Carle and loses puck.
19:34 of 2nd period - Wrist shot by Jake Guentzel.
19:34 of 2nd period - Stopped by Joonas Korpisalo without a rebound.
19:35 of 2nd period - Drew Shore wins face-off versus Charlie Coyle in Sasquatch zone.
19:35 of 2nd period - Drew Shore is hit by Charlie Coyle.
Goals for this period are 1 for Sasquatch vs 1 for Influenza.
Shots for this period are 10 for Sasquatch vs 13 for Influenza.
3rd period
0:01 of 3rd period - Charlie Coyle wins face-off versus Drew Shore in neutral zone.
0:33 of 3rd period - Snap shot by Teemu Hartikainen.
0:33 of 3rd period - Goal by Teemu Hartikainen - Sasquatch : 2 - Influenza : 1.
0:34 of 3rd period - Drew Shore wins face-off versus Charlie Coyle in neutral zone.
0:43 of 3rd period - Off-side.
0:44 of 3rd period - Charlie Coyle wins face-off versus Drew Shore in neutral zone.
0:51 of 3rd period - Slapshot by Mathieu Carle.
0:51 of 3rd period - Shot Misses the Net.
0:53 of 3rd period - Slapshot by Calvin de Haan.
0:53 of 3rd period - Shot Blocked by Patrick Wey.
0:55 of 3rd period - Snap shot by Jimmy Vesey.
0:55 of 3rd period - Stopped by Joonas Korpisalo without a rebound.
0:56 of 3rd period - Drew Shore wins face-off versus Charlie Coyle in Sasquatch zone.
1:44 of 3rd period - Slapshot by Mathieu Carle.
1:44 of 3rd period - Stopped by Joonas Korpisalo with a rebound.
1:46 of 3rd period - Slapshot by Anthony Mantha.
1:46 of 3rd period - Shot Misses the Net.
1:48 of 3rd period - Slapshot by Calvin de Haan.
1:48 of 3rd period - Stopped by Joonas Korpisalo with a rebound.
2:37 of 3rd period - Paul Ladue is hit by Andrew Campbell and loses puck.
2:59 of 3rd period - Off-side.
3:00 of 3rd period - Jake Guentzel wins face-off versus Melker Karlsson in neutral zone.
3:10 of 3rd period - Minor Penalty to Patrick Wey for Holding.
3:11 of 3rd period - Charlie Coyle wins face-off versus Drew Shore in Sasquatch zone.
3:11 of 3rd period - Wrist shot by Beau Bennett.
3:11 of 3rd period - Shot Misses the Net.
3:15 of 3rd period - Snap shot by Charlie Coyle.
3:15 of 3rd period - Goal by Charlie Coyle - Sasquatch : 2 - Influenza : 2.
3:16 of 3rd period - Drew Shore wins face-off versus Charlie Coyle in neutral zone.
3:41 of 3rd period - Sergey Kalinin is hit by Iiro Pakarinen and loses puck.
3:42 of 3rd period - Sergey Kalinin from Sasquatch is injured at 3:42 of 3rd period (Chest/Ribs).
3:43 of 3rd period - Drew Shore wins face-off versus Charlie Coyle in Sasquatch zone.
3:48 of 3rd period - Beau Bennett is hit by Jesper Fast and loses puck.
3:55 of 3rd period - Slapshot by Mathieu Carle.
3:55 of 3rd period - Shot Misses the Net.
3:57 of 3rd period - Snap shot by Mathieu Carle.
3:57 of 3rd period - Shot Misses the Net.
3:59 of 3rd period - Snap shot by Jimmy Vesey.
3:59 of 3rd period - Shot Misses the Net.
4:58 of 3rd period - Wrist shot by Jordan Schroeder.
4:58 of 3rd period - Deflect By Jeff Skinner.
4:58 of 3rd period - Shot Misses the Net.
4:58 of 3rd period - Puck is out of play.
4:59 of 3rd period - Jordan Schroeder wins face-off versus Devin Shore in Sasquatch zone.
5:06 of 3rd period - Nikita Gusev is hit by Martin Marincin.
5:14 of 3rd period - Slapshot by Jordan Schroeder.
5:14 of 3rd period - Stopped by Joonas Korpisalo with a rebound.
5:16 of 3rd period - Slapshot by Nikita Zadorov.
5:16 of 3rd period - Shot Misses the Net.
5:18 of 3rd period - Snap shot by Nikita Gusev.
5:18 of 3rd period - Deflect By Devin Shore.
5:18 of 3rd period - Shot Misses the Net.
5:18 of 3rd period - Puck is out of play.
5:19 of 3rd period - Drew Shore wins face-off versus Charlie Coyle in Sasquatch zone.
5:21 of 3rd period - Minor Penalty to Michael Stone for Interference.
5:22 of 3rd period - Drew Shore wins face-off versus Charlie Coyle in Sasquatch zone.
5:58 of 3rd period - Slapshot by Mark Olver.
5:58 of 3rd period - Stopped by Joonas Korpisalo with a rebound.
6:22 of 3rd period - Snap shot by Teemu Hartikainen.
6:22 of 3rd period - Shot Misses the Net.
7:21 of 3rd period - Penalty to Michael Stone is over, Michael Stone is back on ice.
7:36 of 3rd period - Michael Stone is hit by Anthony Mantha and loses puck.
9:48 of 3rd period - Snap shot by Matt Halischuk.
9:48 of 3rd period - Shot Misses the Net.
9:50 of 3rd period - Slapshot by Michael Stone.
9:50 of 3rd period - Shot Misses the Net.
10:05 of 3rd period - Jeff Skinner is hit by Max Domi and loses puck.
10:37 of 3rd period - Matt Halischuk is hit by Beau Bennett and loses puck.
11:12 of 3rd period - Jeff Skinner is hit by Mathieu Carle and loses puck.
12:08 of 3rd period - Snap shot by Nikita Gusev.
12:08 of 3rd period - Shot Misses the Net.
12:10 of 3rd period - Backhand shot by Nikita Gusev.
12:10 of 3rd period - Shot Misses the Net.
12:12 of 3rd period - Wrist shot by Justin Bailey.
12:12 of 3rd period - Shot Misses the Net.
12:14 of 3rd period - Slapshot by Calvin de Haan.
12:14 of 3rd period - Shot Misses the Net.
12:16 of 3rd period - Wrist shot by Jordan Schroeder.
12:16 of 3rd period - Goal by Jordan Schroeder - Sasquatch : 2 - Influenza : 3.
12:17 of 3rd period - Melker Karlsson wins face-off versus Charlie Coyle in neutral zone.
12:20 of 3rd period - Snap shot by Dougie Hamilton.
12:20 of 3rd period - Stopped by Jeremy Duchesne without a rebound.
12:21 of 3rd period - Charlie Coyle wins face-off versus Melker Karlsson in Influenza zone.
12:23 of 3rd period - Minor Penalty to Beau Bennett for Holding Stick.
12:24 of 3rd period - Drew Shore wins face-off versus Charlie Coyle in Influenza zone.
12:52 of 3rd period - Snap shot by Jesper Fast.
12:52 of 3rd period - Shot Misses the Net.
12:54 of 3rd period - Wrist shot by Jesper Fast.
12:54 of 3rd period - Deflect By Melker Karlsson.
12:54 of 3rd period - Shot Blocked by Calvin de Haan.
12:54 of 3rd period - Puck is out of play.
12:55 of 3rd period - Drew Shore wins face-off versus Charlie Coyle in Influenza zone.
12:58 of 3rd period - Snap shot by Drew Shore.
12:58 of 3rd period - Stopped by Jeremy Duchesne with a rebound.
13:52 of 3rd period - Jordan Schroeder is hit by Dougie Hamilton and loses puck.
14:23 of 3rd period - Penalty to Beau Bennett is over, Beau Bennett is back on ice.
14:37 of 3rd period - Slapshot by Michael Stone.
14:37 of 3rd period - Shot Misses the Net.
15:00 of 3rd period - Off-side.
15:01 of 3rd period - Melker Karlsson wins face-off versus Jordan Schroeder in neutral zone.
15:06 of 3rd period - Wrist shot by Brock Trotter.
15:06 of 3rd period - Stopped by Jeremy Duchesne with a rebound.
15:14 of 3rd period - Wrist shot by Jordan Schroeder.
15:14 of 3rd period - Shot Blocked by Dougie Hamilton.
15:20 of 3rd period - Minor Penalty to Dougie Hamilton for Goalie Interference.
15:21 of 3rd period - Drew Shore wins face-off versus Charlie Coyle in Sasquatch zone.
15:46 of 3rd period - Calvin de Haan is hit by Patrick Wey and loses puck.
17:20 of 3rd period - Penalty to Dougie Hamilton is over, Dougie Hamilton is back on ice.
17:31 of 3rd period - Snap shot by Jake Guentzel.
17:31 of 3rd period - Stopped by Joonas Korpisalo without a rebound.
17:32 of 3rd period - Melker Karlsson wins face-off versus Jake Guentzel in Sasquatch zone.
17:41 of 3rd period - Snap shot by Johan Larsson.
17:41 of 3rd period - Shot Misses the Net.
17:43 of 3rd period - Slapshot by Tim Erixon.
17:43 of 3rd period - Shot Blocked by Patrick Wey.
17:45 of 3rd period - Slapshot by Tim Erixon.
17:45 of 3rd period - Shot Blocked by Melker Karlsson.
17:47 of 3rd period - Slapshot by Paul Ladue.
17:47 of 3rd period - Shot Misses the Net.
17:57 of 3rd period - Tim Erixon is hit by Drew Shore and loses puck.
18:51 of 3rd period - Icing by Andrew Campbell.
18:52 of 3rd period - Devin Shore wins face-off versus Charlie Coyle in Sasquatch zone.
19:15 of 3rd period - Charlie Coyle is hit by Jeff Skinner and loses puck.
19:20 of 3rd period - Sasquatch, Joonas Korpisalo is pulled from the net.
19:26 of 3rd period - Wrist shot by Jesper Fast.
19:26 of 3rd period - Stopped by Jeremy Duchesne without a rebound.
19:27 of 3rd period - Dave Tippett call a timeout for Sasquatch.
19:27 of 3rd period - Drew Shore wins face-off versus Charlie Coyle in Influenza zone.
19:36 of 3rd period - Wrist shot by Jeff Skinner.
19:36 of 3rd period - Shot Misses the Net.
19:38 of 3rd period - Snap shot by Dougie Hamilton.
19:38 of 3rd period - Stopped by Jeremy Duchesne with a rebound.
19:40 of 3rd period - Snap shot by Jeff Skinner.
19:40 of 3rd period - Deflect By Mathieu Carle.
19:40 of 3rd period - Stopped by Jeremy Duchesne with a rebound.
19:42 of 3rd period - Snap shot by Dougie Hamilton.
19:42 of 3rd period - Shot Blocked by Beau Bennett.
19:44 of 3rd period - Snap shot by Drew Shore.
19:44 of 3rd period - Stopped by Jeremy Duchesne with a rebound.
19:46 of 3rd period - Snap shot by Drew Shore.
19:46 of 3rd period - Goal by Drew Shore - Sasquatch : 3 - Influenza : 3.
19:46 of 3rd period - Joonas Korpisalo from Sasquatch was sent back in the game.
19:47 of 3rd period - Jake Guentzel wins face-off versus Melker Karlsson in neutral zone.
19:52 of 3rd period - Dougie Hamilton is hit by Johan Larsson.
Goals for this period are 2 for Sasquatch vs 2 for Influenza.
Shots for this period are 9 for Sasquatch vs 8 for Influenza.
Overtime #1
0:01 of 1st overtime period - Drew Shore wins face-off versus Charlie Coyle in neutral zone.
0:10 of 1st overtime period - Snap shot by Charlie Coyle.
0:10 of 1st overtime period - Shot Blocked by Dougie Hamilton.
0:16 of 1st overtime period - Slapshot by Dougie Hamilton.
0:16 of 1st overtime period - Shot Blocked by Charlie Coyle.
0:51 of 1st overtime period - Tim Erixon is hit by Slava Voynov and loses puck.
1:02 of 1st overtime period - Dougie Hamilton is hit by Tim Erixon and loses puck.
1:21 of 1st overtime period - Patrick Wey is hit by Mathieu Carle and loses puck.
4:07 of 1st overtime period - Jake Guentzel is hit by Brock Trotter and loses puck.
Goals for this period are 0 for Sasquatch vs 0 for Influenza.
Shots for this period are 0 for Sasquatch vs 0 for Influenza.
ShootOut
5:00 of 1st overtime period - Penalty Shot by Jeff Skinner for Sasquatch.
5:00 of 1st overtime period - Deke by Jeff Skinner.
5:00 of 1st overtime period - Stopped by Jeremy Duchesne.
5:00 of 1st overtime period - Penalty Shot by Jimmy Vesey for Influenza.
5:00 of 1st overtime period - Wrist shot by Jimmy Vesey.
5:00 of 1st overtime period - Goal by Jimmy Vesey.
5:00 of 1st overtime period - Penalty Shot by Melker Karlsson for Sasquatch.
5:00 of 1st overtime period - Snap shot by Melker Karlsson.
5:00 of 1st overtime period - Stopped by Jeremy Duchesne.
5:00 of 1st overtime period - Penalty Shot by Charlie Coyle for Influenza.
5:00 of 1st overtime period - Snap shot by Charlie Coyle.
5:00 of 1st overtime period - Stopped by Joonas Korpisalo.
5:00 of 1st overtime period - Penalty Shot by Devin Shore for Sasquatch.
5:00 of 1st overtime period - Snap shot by Devin Shore.
5:00 of 1st overtime period - Shot Misses the Net.
Back to the Top